 Dungeon Crawl Stone Soup version 0.31-a0-236-g9a0961fb85 (webtiles) character file.

Game seed: 13748547501140599385

128 BubbleThief the Insei (level 5, 0/36 HPs)
             Began as an Octopode Transmuter on July 10, 2023.
             Slain by a water moccasin (7 damage)
             ... in a sewer on July 11, 2023.
             The game lasted 00:03:58 (2828 turns).

BubbleThief the Insei (Octopode Transmuter)         Turns: 2828, Time: 00:03:59

Health: 0/36       AC:  2    Str: 12    XL:     5   Next: 11%
Magic:  5/8        EV: 19    Int: 15    God:
Gold:   176        SH:  0    Dex: 17    Spells: 2/8 levels left

rFire   . .          .
                       - Unarmed
rCold   . . .        (shield currently unavailable)
rNeg    . . .        (helmet currently unavailable)
rPois   x            (no amulet)
rElec   .            n - ring of see invisible
rCorr   .            (no ring)
SInv    +            (no ring)
Will    .....        (no ring)
Stlth   ++           (no ring)
HPRegen 0.26/turn    (no ring)
MPRegen 0.11/turn    (no ring)
                     (no ring)

%: no passive effects
@: lethally poisoned (0 -> -35), spider-form (expiring)
A: venomous fangs, almost no armour, (amphibious), 8 rings, tiny, (camouflage
1), (gelatinous body 1), (nimble swimmer 1), (tentacles)
a: End Transformation


You were in a sewer.
You were a venomous arachnid creature.
You visited 1 branch of the dungeon, and saw 4 of its levels.
You also visited: Sewer.

You collected 176 gold pieces.

Inventory:

Jewellery
 n - a ring of see invisible (left front pincers)
Scrolls
 b - a scroll of revelation {unknown}
 f - a scroll of amnesia {unknown}
 g - a scroll of immolation {unknown}
 h - a scroll of enchant armour {unknown}
 i - 2 scrolls of teleportation {unknown}
 l - a scroll of poison {unknown}
 m - a scroll of torment {unknown}
 p - 2 scrolls of identify {unknown}
 q - a scroll of vulnerability {unknown}
 s - a scroll of butterflies {unknown}
Potions
 a - a potion of lignification
 c - 2 potions of cancellation {unknown}
 d - 2 potions of haste {unknown}
 e - 4 potions of berserk rage {unknown}
 j - 2 potions of brilliance {unknown}
 k - a potion of curing {unknown}
 o - a potion of enlightenment {unknown}
 r - a potion of degeneration {unknown}
 t - a potion of invisibility {unknown}


   Skills:
 + Level 2.9 Fighting
 - Level 2.0 Dodging
 + Level 4.0 Unarmed Combat
 - Level 2.0 Spellcasting
 + Level 3.2 Transmutations


You had 2 spell levels left.
You knew the following spells:

 Your Spells              Type           Power      Damage    Failure   Level
a - Beastly Appendage     Tmut           22%        N/A       17%         1
b - Wereblood             Tmut           11%        N/A       22%         2
c - Spider Form           Tmut/Pois      6%         N/A       56%         3

Your spell library contained the following spells:

 Spells                   Type           Power      Damage    Failure   Level
 Ice Form                 Ice/Tmut       6%         N/A       89%         4


Dungeon Overview and Level Annotations

Branches:
Dungeon (4/15)              Sewer (1/1)
 Temple: D:4-7

Altars:
Makhleb

Shops:
D:3 [

Annotations:
D:4 Ijyb


Innate Abilities, Weirdness & Mutations

You are a venomous arachnid creature.
You have venomous fangs.
You are tiny and dextrous.
Your spellcasting is less reliable in this form.
Your armour is entirely melded.
You are incapable of wielding weapons or throwing items.
You cannot wear most types of armour.
((You are amphibious.))
You can wear up to eight rings at the same time.
((Your skin changes colour to match your surroundings (Stealth+).))
((Your rubbery body absorbs attacks. (AC +1, EV +1)))
((You are camouflaged when in or above water. (Stealth+)))
((You have tentacles for arms and can constrict up to eight enemies at once.))


Message History

You enter the shallow water.
You enter the shallow water.
You enter the shallow water.
You enter the shallow water.
You enter the shallow water.
You enter the shallow water.
A water moccasin comes into view.
Found 15 gold pieces and a scroll labelled ZERUSY POKK.
You enter the shallow water.
This spell is quite dangerous to cast!
Memorise Spider Form, consuming 3 spell levels and leaving 2?
You start memorising the spell.
You continue memorising. x3
You finish memorising.
Spell assigned to 'c'.
Casting: Beastly Appendage (safe; 6% risk of failure)
Confirm with . or Enter, or press ? or * to list all spells.
Okay, then.
Casting: Beastly Appendage (safe; 6% risk of failure)
Confirm with . or Enter, or press ? or * to list all spells.
The spell is quite dangerous to miscast (34% risk of failure)!
Continue anyway?
You turn into a venomous arachnid creature.
Your transformation is almost over.
The water moccasin hisses angrily.
The water moccasin completely misses you.
You barely miss the water moccasin. The water moccasin bites you!
You are lethally poisoned!
The water moccasin poisons you!
You barely miss the water moccasin.
You feel extremely sick. The water moccasin closely misses you.
You closely miss the water moccasin.
You feel extremely sick. The water moccasin bites you.
You are more poisoned.
The water moccasin poisons you! The water moccasin closely misses you.
You bite the water moccasin!
The water moccasin is poisoned.
The water moccasin is moderately wounded.
* * * LOW HITPOINT WARNING * * *
You feel extremely sick. The water moccasin bites you!
You die...

#### # ..~.## # #?
### ..~~.### #
$~##.. #.~...### #
###...~ #~~...###
#..~~.~##
##~...~..
#~.~..###
###.~.~.###
#.Ss..####.....###
# ###..~.~.~~~.###
# ###.~..~.### #
########


You could see a water moccasin (very poisoned).

Vanquished Creatures
  A hound (D:4)
  An adder (D:2)
  2 worms
  2 dart slugs
  7 orcs
  6 ball pythons
  5 endoplasms
  5 giant cockroaches
  2 goblins (D:1)
  8 hobgoblins
  6 jackals
  4 quokkas
  A bat (D:2)
  2 frilled lizards (D:2)
  6 kobolds
  5 rats
63 creatures vanquished.

Notes
Turn   | Place    | Note
-------+----------+-------------------------------------------
     0 | D:1      | BubbleThief the Octopode Transmuter began the quest for the
                  | Orb.
     0 | D:1      | Reached XP level 1. HP: 13/13 MP: 3/3
   358 | D:1      | Reached XP level 2. HP: 18/18 MP: 3/5
   361 | D:1      | Learned a level 2 spell: Wereblood
   998 | D:2      | Reached XP level 3. HP: 13/24 MP: 4/6
  1780 | D:3      | Found Puquw's Antique Armour Emporium.
  1791 | D:3      | Found a burning altar of Makhleb.
  1847 | D:3      | Reached XP level 4. HP: 29/30 MP: 7/7
  2621 | D:4      | Reached XP level 5. HP: 35/36 MP: 8/8
  2673 | D:4      | Noticed Ijyb
  2706 | D:4      | Reached skill level 4 in Unarmed Combat
  2743 | D:4      | Found a glowing drain.
  2747 | Sewer    | Entered a sewer
  2810 | Sewer    | Noticed a water moccasin
  2817 | Sewer    | Learned a level 3 spell: Spider Form
  2828 | Sewer    | Slain by a water moccasin

Illustrated notes

Levels and vault maps discovered:
D:1:      amcnicky_arrival_flooded_fountain, layout_basic,
          minmay_misc_feat_alley, chequers_serial_rivers_large_a
D:2:      layout_basic
D:3:      layout_basic, mainiacjoe_overflow_boulevard, serial_shops, shop,
          kennysheep_generic_room_12
D:4:      minmay_chambers_of_threes, layout_basic, nemelex_diamond_rough_becter,
          lemuel_round_altar, gup_sewer_entry_spiral, roderic_lattice_a,
          uniq_ijyb, uniq_sigmund
Sewer:    sewer_the_moccasin

Skill      XL: |  1  2  3  4  5 |
---------------+----------------+-----
Fighting       | 2 |  2.9
Transmutations | 3 |  3.2
Unarmed Combat | 4 |  4.0
Dodging        | |  2.0
Spellcasting   | |  2.0

Action                     |  1- 3 |  4- 6 || total
---------------------------+-------+-------++-------
  Melee: Unarmed           |    68 |    57 ||   125
         Tentacles         |    16 |    14 ||    30
         Kick              |    19 |    16 ||    35
         Constrict         |    18 |    16 ||    34
         Punch             |     4 |     3 ||     7
   Cast: Beastly Appendage |    22 |     7 ||    29
         Wereblood         |       |     2 ||     2
         Spider Form       |       |     1 ||     1
   Stab: Sleeping          |     8 |     3 ||    11
 Armour: Skin              |     2 |       ||     2
  Dodge: Dodged            |    35 |    32 ||    67

Table legend: (Time is in decaauts)
 A = Elapsed time spent in this place.
 B = Non-inter-level travel time spent in this place.
 C = Inter-level travel time spent in this place.
 D = Time resting spent in this place.
 E = Time spent auto-exploring this place.
 F = Levels seen in this place.
 G = Mean time per level.
                   A        B        C        D        E       F      G
               +--------+--------+--------+--------+--------+-----+--------+
         Total |   2818 |   2681 |    137 |     70 |   2020 |   5 |  563.6 |
       Dungeon |   2737 |   2600 |    137 |     70 |   1967 |   4 |  684.2 |
         Sewer |     80 |     80 |      0 |      0 |     53 |   1 |   80.0 |
               +--------+--------+--------+--------+--------+-----+--------+

Top non-repeatable levels by time:
     D:1: 935 daAuts
     D:3: 902 daAuts
     D:2: 615 daAuts
     D:4: 284 daAuts
   Sewer: 80 daAuts
